 Dungeon Crawl Stone Soup version 0.30.1-11-g7821555f0a (webtiles) character file.

Game seed: 11749093265090019329

37842 Cheops the Bludgeoner (level 13, -4/117 HPs)
             Began as an Ogre Ice Elementalist on Oct 26, 2023.
             Was an Elder of the Shining One.
             Succumbed to a cane toad's poison
             ... on level 4 of the Lair of Beasts on Oct 27, 2023.
             The game lasted 01:49:33 (23777 turns).

Cheops the Bludgeoner (Ogre Ice Elementalist)      Turns: 23777, Time: 01:49:33

Health: -4/117     AC: 15    Str: 15    XL:     13   Next: 99%
Magic:  19/20      EV:  9    Int: 20    God:    the Shining One [****..]
Gold:   1186       SH:  0    Dex:  9    Spells: 5/22 levels left

rFire   + + .        i - +2 glaive (flame)
rCold   + + .        (shield currently unavailable)
rNeg    + + .        Q - +2 robe {rC+ rF+}
rPois   .            A - +2 hat {Stlth+}
rElec   .            l - scarf {rC+ rF+}
rCorr   .            (gloves unavailable)
SInv    .            (boots unavailable)
Will    +....        (no amulet)
Stlth   +            R - +4 ring of protection
HPRegen 0.39/turn    t - +4 ring of protection
MPRegen 0.17/turn

%: no passive effects
@: lethally poisoned (-4 -> -35), glowing
A: large, unfitting armour, tough skin 1
a: Renounce Religion, Divine Shield, Cleansing Flame


You were on level 4 of the Lair of Beasts.
You worshipped the Shining One.
The Shining One was greatly pleased with you.
You visited 3 branches of the dungeon, and saw 17 of its levels.
You also visited: Volcano.

You collected 1186 gold pieces.

Inventory:

Hand Weapons
 a - a +3 giant spiked club
 i - a +2 glaive of flaming (weapon)
 F - a +0 antimagic spear
 M - a +3 battleaxe
Missiles
 q - 164 stones (quivered)
 r - 5 silver javelins
 v - 2 javelins
 H - 3 throwing nets
Armour
 j - +4 steam dragon scales
 l - a scarf of resistance (worn)
 A - a +2 hat of stealth (worn)
 D - a +1 kite shield of fire resistance
 Q - a +2 robe of resistance (worn)
Magical Staves
 B - a staff of fire
Jewellery
 t - a +4 ring of protection (right hand)
 C - a ring of ice
 E - a ring of fire
 R - a +4 ring of protection (left hand)
 T - a ring of willpower
 U - a ring of wizardry
Wands
 b - a wand of polymorph (6)
 d - a wand of mindburst (4)
 g - a wand of digging (1)
 p - a wand of acid (1)
 s - a wand of charming (5)
 w - a wand of flame (23)
 y - a wand of roots (13)
Scrolls
 c - a scroll of acquirement
 m - a scroll of immolation
 o - 3 scrolls of vulnerability
 x - a scroll of summoning
 I - 3 scrolls of fear
 K - 5 scrolls of fog
 L - 2 scrolls of magic mapping
 O - 2 scrolls of poison
 V - 2 scrolls of amnesia
 X - a scroll of blinking
 Y - a scroll of teleportation
Potions
 e - 2 potions of ambrosia
 f - 4 potions of curing
 k - 6 potions of flight
 n - 2 potions of heal wounds
 u - 5 potions of attraction
 z - 2 potions of mutation
 G - a potion of brilliance {unknown}
 J - 2 potions of magic
 N - a potion of cancellation
 P - a potion of lignification
 S - a potion of resistance


   Skills:
 - Level 4.4 Fighting
 - Level 18.0 Maces & Flails
 - Level 3.0 Throwing
 - Level 1.7 Dodging
 - Level 1.4 Stealth
 - Level 5.0 Spellcasting
 - Level 7.0 Translocations
 - Level 5.0 Ice Magic
 - Level 5.0 Invocations
 + Level 4.5 Evocations


You had 5 spell levels left.
You knew the following spells:

 Your Spells              Type           Power      Damage    Failure   Level
a - Freeze                Ice            100%       1d10      1%          1
b - Blink                 Tloc           66%        N/A       1%          2
m - Manifold Assault      Tloc           33%        N/A       6%          4
r - Frozen Ramparts       Ice            50%        1d8       4%          3
A - Ozocubu's Armour      Ice            25%        N/A       4%          3
I - Summon Ice Beast      Ice/Summ       15%        N/A       38%         4

Your spell library contained the following spells:

 Spells                   Type           Power      Damage    Failure   Level
 Portal Projectile        Hex/Tloc       38%        N/A       9%          3
 Vhi's Electric Charge    Tloc/Air       38%        N/A       9%          3
 Magic Dart               Conj           20%        1d4       12%         1
 Sting                    Tmut/Pois      20%        1d4       12%         1
 Poisonous Vapours        Pois/Air       10%        N/A       17%         2
 Searing Ray              Conj           10%        2d4       17%         2
 Call Canine Familiar     Summ           5%         N/A       34%         3
 Summon Forest            Summ/Tloc      9%         N/A       58%         5
 Anguish                  Hex/Necr       2%         N/A       75%         4
 Cause Fear               Hex            2%         N/A       75%         4
 Fulminant Prism          Conj/Hex       2%         3d5       75%         4
 Leda's Liquefaction      Hex/Erth       2%         N/A       75%         4
 Olgreb's Toxic Radiance  Pois           5%         N/A       75%         4
 Summon Lightning Spire   Summ/Air       5%         N/A       75%         4
 Metabolic Englaciation   Hex/Ice        7%         N/A       75%         5
 Arcjolt                  Conj/Air       2%         1d12      97%         5
 Lee's Rapid Deconstruct  Erth           2%         3d5*      97%         5
 Simulacrum               Ice/Necr       7%         N/A       99%         6
 Eringya's Noxious Bog    Tmut/Pois      2%         N/A       100%        6
 Plasma Beam              Fire/Air       2%         2x1d14    100%        6
 Statue Form              Tmut/Erth      3%         N/A       100%        6
 Enfeeble                 Hex            2%         N/A       100%        7
 Ozocubu's Refrigeration  Ice            12%        4d10      100%        7
 Storm Form               Tmut/Air       2%         N/A       100%        7
 Summon Hydra             Summ           2%         N/A       100%        7
 Maxwell's Capacitive Co  Air            2%         ∞         100%        8


Dungeon Overview and Level Annotations

Branches:
Dungeon (12/15)            Temple (1/1) D:5            Lair (4/5) D:10
  Swamp (0/4) Lair:2        Snake (0/4) Lair:3          Orc (0/2) D:12
Volcano (visited)
  Slime: Lair:4-5

Altars:
Ashenzari
Cheibriados
Dithmenos
Elyvilon
Fedhas
Gozag
Hepliaklqana
Kikubaaqudgha
Makhleb
Nemelex Xobeh
Okawaru
Qazlal
Ru
Sif Muna
Trog
Uskayaw
Vehumet
Wu Jian
Xom
Yredelemnul
Zin
The Shining One

Shops:
D:7 =   D:8 [   D:11 :

Portals:
Trove: D:11 (give 15 scrolls of teleportation)


Innate Abilities, Weirdness & Mutations

You are too large for most types of armour.
You have tough skin. (AC +1)


Message History

You slash the cane toad! You burn the cane toad.
The cane toad is severely wounded.
The cane toad closely misses you. The cane toad barely misses you.
You hit the cane toad. You burn the cane toad.
The cane toad is almost dead.
The cane toad stings you!
You are poisoned.
The cane toad poisons you! The cane toad stings you!
You are more poisoned.
The cane toad poisons you!
You hit the cane toad. You burn the cane toad.
The cane toad is almost dead.
You feel extremely sick. The cane toad stings you.
* * * LOW HITPOINT WARNING * * *
You are more poisoned.
The cane toad poisons you! The cane toad barely misses you.
You hit the cane toad. You burn the cane toad.
The cane toad is almost dead.
You feel extremely sick. The cane toad stings you!
* * * LOW HITPOINT WARNING * * *
You are lethally poisoned!
The cane toad poisons you! The cane toad stings you.
* * * LOW HITPOINT WARNING * * *
You hit the cane toad but do no damage.
The cane toad is almost dead.
* * * LOW HITPOINT WARNING * * *
You feel extremely sick.
The cane toad stings you but does no damage.
The cane toad stings you!
* * * LOW HITPOINT WARNING * * *
Casting: Frozen Ramparts (mildly dangerous; 4% risk of failure)
Confirm with . or Enter, or press ? or * to list all spells.
Aiming: Freeze (safe; 1% risk of failure)
Press: ? - help, Shift-Dir - straight line, f/p - cane toad
Aim: a cane toad (almost dead, haloed)
You freeze the cane toad!
You kill the cane toad!
You die...

##....###
#........ #....##
##....#.#. ##...P#
#.....#### #....#
####...### ##....#
#.....## #....##
##...## ##....#
#.....## ##....#
##...#.# #.#.@.#
#....### ##..†##
##...#
###...###....##
#.............#
#............P#
#.......##...###
##.....#.#..#.#.##
#.#...#####....#.#
.#####...#
#......##


There were no monsters in sight!

Vanquished Creatures
  Fannar (D:11)
  Erica (D:8)
  2 two-headed ogres
  A boulder beetle (D:12)
  6 death yaks
  A skyshark (Lair:2)
  3 bog bodies (Lair:2)
  3 lindwurms
  An oklob plant (Lair:3)
  2 cyclopes
  3 toenail golems (Volcano)
  An elephant (D:10)
  3 black mambas
  3 gargoyles
  5 cane toads
  Maurice (D:10)
  A molten gargoyle (Volcano)
  2 efreet (Volcano)
  Maggie (D:7)
  2 kobold demonologists (D:10)
  5 komodo dragons
  A polar bear (Lair:4)
  10 hornets
  13 blink frogs (Lair:2)
  Sigmund (D:3)
  6 slime creatures (D:12)
  A shadow (D:11)
  2 wraiths
  3 nameless horrors
  A wyvern (D:10)
  2 fire elementals (Volcano)
  A basilisk (D:10)
  31 yaks
  2 vampire mosquitoes (D:12)
  A steam dragon (D:10)
  2 swamp worms (Lair:2)
  3 nagas (Lair:3)
  2 acid dragons
  11 water moccasins
  9 orc warriors
  2 black bears
  An ice beast (D:6)
  3 sky beasts
  3 ogres
  5 wolves (Lair:1)
  4 centaurs
  2 phantoms
  6 bullfrogs
  3 kobold brigands
  An earth elemental (Volcano)
  3 scorpions
  8 wights
  10 howler monkeys
  2 electric eels
  5 crimson imps
  A jelly (D:7)
  2 hounds
  8 orc priests
  2 gnoll boudas (D:6)
  3 sleepcaps
  3 iguanas
  12 orc wizards
  Robin (D:3)
  10 adders
  9 gnolls
  A shadow imp (D:8)
  A white imp (D:8)
  A worm (D:2)
  2 dart slugs
  70 orcs
  8 endoplasms
  9 giant cockroaches
  12 goblins
  9 hobgoblins
  3 jackals (D:1)
  6 quokkas
  13 ball pythons
  8 bats
  9 frilled lizards
  22 kobolds
  5 rats
  A spectral hobgoblin (D:8)
439 creatures vanquished.

Vanquished Creatures (collateral kills)
  An orc warrior (D:11)
  An ice beast (D:6)
  An orc wizard (D:11)
  A shadow imp (D:6)
  2 orcs (D:11)
6 creatures vanquished.

Vanquished Creatures (others)
  A molten gargoyle (Volcano)
  3 fire vortices (Volcano)
4 creatures vanquished.

Grand Total: 449 creatures vanquished

Notes
Turn   | Place    | Note
-------+----------+-------------------------------------------
     0 | D:1      | Cheops the Ogre Ice Elementalist began the quest for the
                  | Orb.
     0 | D:1      | Reached XP level 1. HP: 16/16 MP: 3/3
   284 | D:1      | Reached XP level 2. HP: 23/24 MP: 3/6
   678 | D:1      | Reached XP level 3. HP: 30/31 MP: 2/7
  1367 | D:1      | Learned a level 3 spell: Frozen Ramparts
  1371 | D:1      | Learned a level 3 spell: Ozocubu's Armour
  2803 | D:3      | Reached XP level 4. HP: 39/39 MP: 5/8
  2848 | D:3      | Noticed Sigmund
  3091 | D:3      | Found a shadowy altar of Dithmenos.
  3102 | D:3      | Found an ancient bone altar of Kikubaaqudgha.
  3225 | D:3      | Found a radiant altar of Vehumet.
  3226 | D:3      | Found a burning altar of Makhleb.
  3229 | D:3      | Reached skill level 1 in Throwing
  3229 | D:3      | Reached skill level 5 in Ice Magic
  3345 | D:3      | Noticed Robin
  3358 | D:3      | Killed Robin
  3359 | D:3      | Reached XP level 5. HP: 10/45 MP: 1/9
  3611 | D:3      | Killed Sigmund
  3612 | D:3      | Reached skill level 2 in Maces & Flails
  3612 | D:3      | Reached XP level 6. HP: 57/57 MP: 4/10
  4376 | D:4      | Noticed a water moccasin
  4388 | D:4      | Killed a water moccasin
  4389 | D:4      | Reached skill level 3 in Maces & Flails
  4389 | D:4      | Reached XP level 7. HP: 67/67 MP: 0/11
  4613 | D:4      | Reached skill level 4 in Maces & Flails
  4712 | D:4      | Found a shimmering altar of Xom.
  5041 | D:5      | Entered Level 5 of the Dungeon
  5155 | D:5      | You fall into a shaft and drop 1 floor!
  5219 | D:5      | Learned a level 4 spell: Summon Ice Beast
  5260 | D:5      | Reached skill level 5 in Spellcasting
  5260 | D:5      | Reached XP level 8. HP: 63/78 MP: 9/15
  5473 | D:5      | Reached skill level 5 in Maces & Flails
  5540 | D:5      | Found a blossoming altar of Fedhas.
  5615 | D:5      | Found a staircase to the Ecumenical Temple.
  5645 | Temple   | Entered the Ecumenical Temple
  5678 | Temple   | Became a worshipper of the Shining One
  6376 | D:6      | Reached skill level 6 in Maces & Flails
  6640 | D:6      | Reached skill level 7 in Maces & Flails
  6803 | D:6      | Reached XP level 9. HP: 84/84 MP: 12/16
  6815 | D:6      | Reached skill level 8 in Maces & Flails
  6879 | D:6      | Found a hide-covered altar of Uskayaw.
  7417 | D:7      | Noticed a nameless horror
  7429 | D:6      | Killed a nameless horror
  7724 | D:7      | Reached skill level 9 in Maces & Flails
  7882 | D:7      | Found a glowing silver altar of Zin.
  7892 | D:7      | Reached * piety under the Shining One
  8000 | D:7      | Found Susob's Jewellery Shoppe.
  8008 | D:7      | Noticed Maggie
  8022 | D:7      | Killed Maggie
  8293 | D:7      | Reached skill level 10 in Maces & Flails
  8296 | D:7      | Learned a level 2 spell: Blink
  8596 | D:7      | Found an opulent altar of Gozag.
  8728 | D:8      | Reached skill level 1 in Translocations
  8810 | D:7      | Learned a level 4 spell: Manifold Assault
  8982 | D:8      | Reached XP level 10. HP: 89/94 MP: 13/17
  9025 | D:8      | Noticed Erica
  9027 | D:8      | Noticed a nameless horror
  9032 | D:8      | Killed a nameless horror
  9032 | D:8      | Killed Erica
  9033 | D:8      | Reached skill level 5 in Translocations
  9153 | D:8      | Found Ziatzu's Antique Armour Emporium.
  9274 | D:8      | Found a snail-covered altar of Cheibriados.
 10098 | D:8      | Found a basalt altar of Yredelemnul.
 10157 | D:8      | Found a hazy altar of Hepliaklqana.
 10221 | D:8      | Reached ** piety under the Shining One
 10768 | D:9      | Found a white marble altar of Elyvilon.
 11245 | D:9      | Reached skill level 11 in Maces & Flails
 11528 | D:10     | Entered Level 10 of the Dungeon
 11627 | D:10     | Reached XP level 11. HP: 36/101 MP: 6/18
 12018 | D:10     | Noticed a sixfirhy
 12034 | D:10     | Noticed a sun demon
 12167 | D:10     | Noticed a cyclops
 12189 | D:10     | Killed a cyclops
 12190 | D:10     | Reached skill level 12 in Maces & Flails
 12413 | D:10     | Found a staircase to the Lair.
 12655 | D:10     | Noticed a two-headed ogre
 12662 | D:10     | Killed a two-headed ogre
 12909 | D:10     | Noticed Maurice
 12920 | D:10     | Killed Maurice
 13102 | D:10     | Found a shimmering blue altar of Sif Muna.
 13102 | D:10     | Found a sparkling altar of Nemelex Xobeh.
 13181 | D:10     | Found a broken altar of Ashenzari.
 13633 | D:11     | Reached skill level 13 in Maces & Flails
 13633 | D:11     | Reached *** piety under the Shining One
 13988 | D:11     | Found Nasalian's Tiny Tomes.
 14044 | D:11     | Noticed a two-headed ogre
 14060 | D:11     | Killed a two-headed ogre
 14201 | D:11     | Found a portal to a secret trove of treasure.
 14350 | D:11     | Noticed Fannar
 14376 | D:11     | Killed Fannar
 14377 | D:11     | Reached skill level 14 in Maces & Flails
 14430 | D:11     | Found a basalt altar of Yredelemnul.
 15226 | D:12     | Reached XP level 12. HP: 95/109 MP: 14/19
 15621 | D:12     | Found a sacrificial altar of Ru.
 15986 | D:12     | Found a staircase to the Orcish Mines.
 16036 | D:12     | Noticed a boulder beetle
 16066 | D:12     | Killed a boulder beetle
 16067 | D:12     | Reached skill level 15 in Maces & Flails
 16445 | Lair:1   | Entered Level 1 of the Lair of Beasts
 16920 | Lair:1   | Identified a scroll of acquirement
 17474 | Lair:2   | Noticed a death yak
 17488 | Lair:2   | Killed a death yak
 17703 | Lair:2   | Identified the staff of earth "Lidafo" {rF+ rC- Int+3}
 17738 | Lair:2   | Noticed a skyshark
 17752 | Lair:2   | Reached skill level 16 in Maces & Flails
 17752 | Lair:2   | Killed a skyshark
 17831 | Lair:2   | Reached **** piety under the Shining One
 17954 | Lair:2   | Found a glowing silver altar of Zin.
 18380 | Lair:2   | Reached XP level 13. HP: 107/117 MP: 11/20
 19228 | Lair:2   | Reached skill level 17 in Maces & Flails
 19228 | Lair:2   | Reached skill level 1 in Invocations
 19229 | Lair:2   | Found a staircase to the Swamp.
 19997 | Lair:3   | Reached skill level 5 in Invocations
 20949 | Lair:3   | Found a staircase to the Snake Pit.
 21410 | Lair:3   | Paralysed by a hornet for 1 turns
 21414 | Lair:3   | Paralysed by a hornet for 1 turns
 21692 | Lair:3   | Paralysed by a hornet for 2 turns
 22145 | Lair:3   | Upgraded the game from 0.30.1-10-g1249ef9ec4 to
                  | 0.30.1-11-g7821555f0a
 22293 | Lair:4   | Reached skill level 18 in Maces & Flails
 22293 | Lair:4   | Reached skill level 1 in Evocations
 22302 | Lair:4   | Found a dark tunnel.
 22357 | Volcano  | Entered a volcano
 23776 | Lair:4   | HP: 3/117 [cane toad (13)]
 23777 | Lair:4   | Succumbed to a cane toad's poison

Illustrated notes

Levels and vault maps discovered:
D:1:      lightli_arrival_quake, layout_basic
D:2:      layout_basic, roderic_roman_lattice
D:3:      layout_loops_ring, grunt_temple_overflow_lords_of_destruction,
          mainiacjoe_overflow_catch_the_wave, hangedman_decor_slide_cut,
          minmay_pentangle, uniq_sigmund, uniq_robin
D:4:      layout_cave_pools, led_xom_imps, serial_glass, glass_columns_a,
          glass_columns_a
D:5:      layout_loops_corners, fedhas_ov_isle_minmay, minmay_temple_entry_mist
D:6:      layout_basic, nicolae_uskayaw_dance_hall
D:7:      layout_rooms, pdpol_temple_overflow_zin_treasury_gozag_greed,
          serial_shops, shop_fountains, uniq_maggie
D:8:      layout_basic, nicolae_hepliaklqana_monster_ancestors,
          lemuel_tele_altar, mainiacjoe_overflow_paths, serial_shops, shop,
          special_room [special_room_orc], uniq_erica
D:9:      layout_loops_ring, mainiacjoe_overflow_alcove_1, nicolae_water_bricks
D:10:     layout_basic, ashenzari_altar_1, gammafunk_temple_overflow_pools,
          david_lair_generic, hex_tiny, minmay_sticks_and_stones, uniq_maurice
D:11:     layout_basic, nicolae_trove_entry_free_sample,
          nicolae_shop_i_like_small_books_too, serial_bayou_pond_c,
          yredelemnul_altar_generic, uniq_fannar
D:12:     layout_roguey, orc_0_dummy, nicolae_ru_great_annihilating_truth
Temple:   hellmonk_temple_rainy
Lair:1:   layout_long_grid
Lair:2:   layout_chaotic_city, nicolae_swamp_entry_splash_gauntlet, basic_altar,
          st_stairs_9, chequers_serial_rivers_large_a
Lair:3:   layout_regular_city, minmay_snake_entry_guardpost_small,
          dreamdust_wasp_nest
Lair:4:   layout_concentric_octagons, nicolae_volcano_entry_vermiform

Skill      XL: |  1  2  3  4  5  6  7  8  9 10 11 12 13 |
---------------+----------------------------------------+-----
Spellcasting   | 3 5 |  5.0
Ice Magic      | 4 5 |  5.0
Throwing       | 2 3 |  3.0
Fighting       | 2 3 4 |  4.4
Maces & Flails | 2 3 4 7 10 11 14 16 18 | 18.0
Translocations | 3 7 |  7.0
Invocations    | 5 |  5.0
Evocations     | 4 |  4.5
Dodging        | |  1.7
Stealth        | |  1.4

Action                     |  1- 3 |  4- 6 |  7- 9 | 10-12 | 13-15 || total
---------------------------+-------+-------+-------+-------+-------++-------
  Melee: Mace              |     2 |    25 |    97 |       |       ||   124
         Punch             |     1 |       |     2 |     2 |       ||     5
         Flail             |       |       |    38 |       |       ||    38
         Morningstar       |       |       |    11 |   154 |       ||   165
         Giant club        |       |       |       |   227 |   160 ||   387
         Giant spiked club |       |       |       |       |    59 ||    59
         Glaive            |       |       |       |       |    21 ||    21
         Spear             |       |       |       |       |     4 ||     4
  Throw: Stone             |       |     9 |     6 |     5 |    26 ||    46
   Cast: Freeze            |    69 |    32 |    71 |    94 |    48 ||   314
         Frozen Ramparts   |       |     8 |    37 |    54 |    23 ||   122
         Ozocubu's Armour  |       |     1 |     6 |    10 |    13 ||    30
         Summon Ice Beast  |       |       |     7 |     4 |     1 ||    12
         Manifold Assault  |       |       |       |    25 |     1 ||    26
 Invoke: Divine Shield     |       |       |       |       |     1 ||     1
  Evoke: Wand              |       |       |       |    17 |     9 ||    26
    Use: Scroll            |       |     2 |     2 |    20 |     8 ||    32
         Potion            |       |       |     5 |       |     2 ||     7
   Stab: Sleeping          |       |     2 |       |       |       ||     2
 Armour: Robe              |    20 |    21 |    96 |       |    26 ||   163
         Steam dragon scal |       |       |     7 |   249 |   126 ||   382
         Skin              |       |       |       |       |     5 ||     5
  Dodge: Dodged            |    23 |    24 |    90 |   198 |   118 ||   453
  Block: Other             |       |       |       |       |     1 ||     1
